 Dungeon Crawl Stone Soup version 0.26-a0-540-g8a0c9464d7 (webtiles) character file.

Game seed: 2619999251316043449

19187 Mitsuki the Fighter (level 12, -18/112 HPs)
             Began as a Hill Orc Fighter on Aug 15, 2020.
             Was an Elder of Beogh.
             Killed from afar by a red draconian (32 damage)
             ... with a searing blast
             ... in a volcano.
             The game lasted 00:50:34 (14831 turns).

Mitsuki the Fighter (Hill Orc Fighter)             Turns: 14831, Time: 00:50:35

Health: -18/112    AC: 19    Str: 26    XL:     12   Next: 66%
Magic:  17/17      EV:  7    Int:  9    God:    Beogh [****..]
Gold:   1064       SH: 18    Dex: 10    Spells: 11/11 levels left

rFire    . . .     SeeInvis +   a - +0 trident
rCold    . . .     Faith    .   c - +0 kite shield
rNeg     . . .     Spirit   .   K - +0 plate armour
rPois    +         Reflect  +   w - +0 helmet
rElec    .         Harm     .   (no cloak)
rCorr    .                      k - +0 pair of gloves {Str+3}
MR       .....                  C - +0 pair of boots
Stlth    ..........             Q - amulet of reflection
HPRegen  0.28/turn              e - ring of poison resistance
MPRegen  0.15/turn              F - ring of see invisible

@: no status effects
A: no striking features
a: Smiting, Recall Orcish Followers, Renounce Religion


You were in a volcano.
You worshipped Beogh.
Beogh was greatly pleased with you.
You visited 4 branches of the dungeon, and saw 14 of its levels.
You also visited: Ossuary and Volcano.

You collected 1064 gold pieces.

Inventory:

Hand Weapons
 a - a +0 trident (weapon)
Missiles
 f - a throwing net
 i - 8 curare-tipped darts (quivered)
Armour
 c - a +0 kite shield (worn)
 k - a +0 pair of gloves of strength (worn)
 w - a +0 helmet (worn)
 C - a +0 pair of boots (worn)
 K - a +0 plate armour (worn)
 N - +0 acid dragon scales
 S - the +3 hat of Pondering {ponderous, MR+ MP+10 Int+5}
   (You took it off Gastronok on level 10 of the Dungeon)

   It affects your intelligence (+5).
   It affects your resistance to hostile enchantments.
   It affects your magic capacity (+10).
 U - the cursed +1 robe of the Boiling Point {*Corrode +Fly Str+7, unknown}
   (You found it on level 11 of the Dungeon)

   It affects your strength (+7).
   It lets you fly.
   It may corrode you when you take damage.
   It has a curse placed upon it.
Jewellery
 e - a ring of poison resistance (left hand)
 p - an uncursed amulet of guardian spirit
 u - a +4 ring of evasion
 F - a ring of see invisible (right hand)
 H - an uncursed amulet of magic regeneration
 Q - an amulet of reflection (around neck)
 X - an uncursed amulet of the acrobat
Wands
 b - a wand of paralysis (19)
 z - a wand of iceblast (14)
 D - a wand of polymorph (5)
 I - a wand of digging (5)
 P - a wand of flame (22)
Scrolls
 g - 2 scrolls of blinking
 j - 3 scrolls of enchant weapon
 m - 3 scrolls of random uselessness
 n - 2 scrolls of noise
 o - 4 scrolls of remove curse
 q - 8 scrolls of teleportation
 r - 2 scrolls of fog
 t - 3 scrolls of magic mapping
 v - 4 scrolls of immolation {unknown}
 y - 6 scrolls of amnesia {unknown}
 A - a scroll of acquirement {unknown}
 G - 2 scrolls of vulnerability {unknown}
 L - 2 scrolls of enchant armour {unknown}
 M - a scroll of fear {unknown}
 R - a scroll of holy word {unknown}
Potions
 d - 5 potions of ambrosia
 h - 2 potions of mutation
 l - a potion of cancellation
 s - 3 potions of flight
 x - 2 potions of berserk rage {unknown}
 E - 7 potions of curing
 O - 2 potions of stabbing {unknown}
 T - a potion of degeneration {unknown}
 Y - a potion of brilliance {unknown}
Miscellaneous
 V - a phantom mirror
 W - a tin of tremorstones (3/3)


   Skills:
 + Level 12.2 Fighting
 + Level 11.0 Polearms
 + Level 11.2 Armour
 + Level 11.3 Shields
 - Level 7.2 Invocations


You had 11 spell levels left.
You didn't know any spells.
Your spell library contained the following spells:

 Spells                   Type           Power        Failure   Level
 Animate Skeleton         Necr           #.....       99%         1
 Apportation              Tloc           #.....       99%         1
 Corona                   Hex            #......      99%         1
 Summon Small Mammal      Summ           #...         99%         1


Dungeon Overview and Level Annotations

Branches:
Dungeon (11/15)            Temple (1/1) D:6            Lair (1/6) D:9
    Orc (1/2) D:9         Ossuary (visited)         Volcano (1/1)

Altars:
Ashenzari
Cheibriados
Dithmenos
Elyvilon
Fedhas
Gozag
Hepliaklqana
Kikubaaqudgha
Makhleb
Nemelex Xobeh
Okawaru
Qazlal
Ru
Sif Muna
Trog
Uskayaw
Vehumet
Wu Jian
Xom
Yredelemnul
Zin
The Shining One

Annotations:
D:5 2 transporters, Eustachio; rasy's ghost, novice MiFi
D:6 1 runed translucent door, Alfie's ghost, novice MiHu


Message History

The red draconian is severely wounded.
The red draconian breathes flames at you.
The searing blast hits you!
* * * LOW HITPOINT WARNING * * *
You take 12 damage, and have 13/112 hp.
Okay, then.
Okay, then.
You hit the red draconian.
The red draconian is severely wounded.
You block the red draconian's attack.
You hit the red draconian.
The red draconian is severely wounded.
You block the red draconian's attack.
You hit the red draconian.
The red draconian is severely wounded.
You puncture the red draconian!
The red draconian is almost dead.
The red draconian breathes flames at you.
The searing blast hits you!!
You die...

§≈≈≈≈≈≈§≈≈§§§§§≈≈≈≈§§≈§≈≈≈≈≈§§≈≈≈
§§§≈≈≈≈§≈≈≈≈§≈ ≈≈≈§§§≈≈≈≈§≈§≈≈≈≈
≈≈§≈≈≈§§ §≈§≈≈≈≈°≈§°○§≈≈≈≈ §≈≈≈≈
≈§≈§≈≈≈≈§○°°☼○○≈≈ ≈≈§§§ §≈≈≈ ≈≈
############ §≈ #....d.....+
#.∩..#@8_8.# #....#.....#
###++###○### ≈≈ #)# #.≈§≈≈≈ #)#
#§≈§§§≈ #)# #§§§§≈§ #.# #.≈§§§§
#.# #.§≈§≈≈ #.# #.§≈≈≈≈


You could see a red draconian (catching breath).

Vanquished Creatures
  Gastronok (D:10)
  Erica (D:8)
  A two-headed ogre (D:9)
  A salamander mystic (Volcano)
  3 unseen horrors
  A cyclops (D:11)
  3 salamanders (Volcano)
  An ugly thing (D:10)
  A manticore (D:9)
  An elephant (D:8)
  Psyche (D:10)
  Maggie (D:9)
  A gargoyle (D:9)
  A komodo dragon (Lair:1)
  A troll (D:11)
  2 hippogriffs
  Sigmund (D:6)
  A vampire (D:10)
  A wraith (D:10)
  A wyvern (D:9)
  A shadow (D:9)
  20 yaks
  2 fire bats (Volcano)
  Grum (D:10)
  A basilisk (D:9)
  A soldier ant (D:8)
  Edmund (D:6)
  Duvessa (D:6)
  3 sky beasts
  3 orc warriors
  9 ogres
  2 phantoms
  3 ice beasts
  2 wolves (D:10)
  7 centaurs
  2 crocodiles
  A big kobold (D:11)
  2 bullfrogs
  A wyvern zombie (D:10)
  A gnoll sergeant (D:9)
  Dowan (D:6)
  4 scorpions
  5 killer bees
  4 wights (D:6)
  4 howler monkeys
  2 centaur zombies (Ossuary)
  3 lava snakes (Volcano)
  A human zombie (Ossuary)
  3 jellies
  2 centaur skeletons (D:4)
  8 hounds
  An orc priest (D:9)
  4 bullfrog skeletons
  A gnoll shaman (D:8)
  Terence (D:3)
  An iguana (D:8)
  7 orc wizards
  6 worker ants
  A killer bee zombie (D:9)
  A big kobold zombie (Ossuary)
  A hound skeleton (D:5)
  2 mummies (Ossuary)
  2 worker ant zombies (D:11)
  Robin (D:3)
  A howler monkey skeleton (D:6)
  A howler monkey zombie (D:9)
  4 adders
  9 gnolls
  A shadow imp (D:10)
  2 white imps
  2 ufetubi (D:9)
  An adder zombie (D:9)
  An adder skeleton (D:4)
  2 worms (D:2)
  4 dart slugs
  6 leopard geckos
  19 orcs
  2 ball pythons
  5 bats
  6 giant cockroaches
  12 hobgoblins
  12 jackals
  6 quokkas
  10 frilled lizards
  13 goblins
  10 hobgoblin zombies (Ossuary)
  A jackal skeleton (D:5)
  2 jackal zombies (Ossuary)
  3 kobolds
  9 kobold zombies (Ossuary)
  2 leopard gecko skeletons
  8 orc zombies (Ossuary)
  A quokka skeleton (D:9)
  12 rats
  3 rat zombies (Ossuary)
325 creatures vanquished.

Vanquished Creatures (collateral kills)
  4 yaks
  3 fire bats (Lair:1)
  An orc warrior (D:11)
  3 centaurs (D:11)
  3 electric eels (D:11)
  A centaur skeleton (D:11)
  2 orc priests (D:11)
  An orc wizard (D:11)
  2 gnolls (D:11)
  5 orcs (D:11)
  A jackal (D:11)
  2 kobolds (D:11)
28 creatures vanquished.

Vanquished Creatures (others)
  3 orc wizards (D:11)
  A hound (D:7)
  3 orc priests (D:11)
  6 orcs
  A withered plant (D:6)
14 creatures vanquished.

Grand Total: 367 creatures vanquished

Notes
Turn   | Place    | Note
-------+----------+-------------------------------------------
     0 | D:1      | Mitsuki the Hill Orc Fighter began the quest for the Orb.
     0 | D:1      | Reached XP level 1. HP: 19/19 MP: 1/1
   175 | D:1      | Reached XP level 2. HP: 26/27 MP: 2/2
   309 | D:1      | Reached skill level 4 in Fighting
   367 | D:1      | Reached XP level 3. HP: 31/33 MP: 3/3
  1187 | D:2      | Reached XP level 4. HP: 40/40 MP: 4/4
  1315 | D:2      | Found a shimmering blue altar of Sif Muna.
  1380 | D:2      | Found a hide-covered altar of Uskayaw.
  1380 | D:2      | Found an ornate altar of the Wu Jian Council.
  1579 | D:2      | Found a burning altar of Makhleb.
  1930 | D:3      | Noticed Terence
  1945 | D:3      | Reached XP level 5. HP: 40/47 MP: 2/5
  1948 | D:3      | Killed Terence
  2259 | D:3      | Noticed Robin
  2304 | D:3      | Killed Robin
  2557 | D:4      | Reached skill level 5 in Fighting
  2557 | D:4      | Reached XP level 6. HP: 56/56 MP: 6/6
  2749 | D:4      | Reached skill level 5 in Shields
  2878 | D:4      | Reached skill level 5 in Armour
  2878 | D:4      | Reached XP level 7. HP: 61/61 MP: 7/7
  3172 | D:5      | Entered Level 5 of the Dungeon
  3325 | D:5      | Found a hazy altar of Hepliaklqana.
  3431 | D:5      | Noticed Eustachio
  3563 | D:5      | Noticed rasy's ghost (novice MiFi)
  3567 | D:5      | Found a transporter.
  3603 | D:5      | Found a transporter.
  3951 | D:5      | Found a shadowy altar of Dithmenos.
  4220 | D:6      | Found a sand-covered staircase.
  4227 | Ossuary  | Entered an ossuary
  4368 | Ossuary  | Reached skill level 6 in Fighting
  4675 | D:6      | Reached skill level 5 in Polearms
  4798 | D:6      | Reached XP level 8. HP: 64/71 MP: 6/8
  5071 | D:6      | Found a staircase to the Ecumenical Temple.
  5254 | D:6      | Noticed Edmund
  5279 | D:6      | Killed Edmund
  5279 | D:6      | Reached skill level 7 in Fighting
  5408 | D:6      | Found a stormy altar of Qazlal.
  5408 | D:6      | Found a shimmering altar of Xom.
  5411 | D:6      | Found a glowing golden altar of the Shining One.
  5510 | D:6      | Found a runed translucent door.
  5510 | D:6      | Noticed Alfie's ghost (novice MiHu)
  5529 | D:6      | Noticed Duvessa
  5529 | D:6      | Noticed Dowan
  5547 | D:6      | Killed Duvessa
  5558 | D:6      | Killed Dowan
  5571 | D:6      | Noticed Sigmund
  5583 | D:6      | Killed Sigmund
  5583 | D:6      | Reached XP level 9. HP: 79/80 MP: 7/9
  5680 | Temple   | Entered the Ecumenical Temple
  6113 | D:7      | Became a worshipper of Beogh the Brigand
  6400 | D:7      | Found a sacrificial altar of Ru.
  6548 | D:8      | Reached skill level 8 in Fighting
  7327 | D:8      | Reached * piety under Beogh
  7513 | D:8      | Noticed Erica
  7553 | D:8      | Killed Erica
  7553 | D:8      | Reached skill level 9 in Fighting
  7553 | D:8      | Reached XP level 10. HP: 64/91 MP: 6/10
  7804 | D:8      | Found a bloodstained altar of Trog.
  8480 | D:9      | Noticed a manticore
  8507 | D:9      | Killed a manticore
  8748 | D:9      | Found a hazy altar of Hepliaklqana.
  8947 | D:9      | Noticed an elephant
  9009 | D:9      | Reached ** piety under Beogh
  9138 | D:9      | Reached skill level 10 in Fighting
  9254 | D:9      | Found a staircase to the Lair.
  9287 | D:9      | Noticed Maggie
  9305 | D:9      | Killed Maggie
  9305 | D:9      | Reached skill level 1 in Invocations
  9385 | D:9      | Found a staircase to the Orcish Mines.
  9506 | D:9      | Reached XP level 11. HP: 91/101 MP: 11/13
  9670 | D:9      | Noticed an unseen horror
  9688 | D:9      | Killed an unseen horror
 10152 | D:9      | Noticed a two-headed ogre
 10192 | D:9      | Killed a two-headed ogre
 10652 | D:9      | Found a shimmering altar of Xom.
 10697 | D:9      | Reached skill level 10 in Shields
 10738 | D:9      | Reached skill level 10 in Armour
 11021 | D:10     | Entered Level 10 of the Dungeon
 11123 | D:10     | Noticed Psyche
 11160 | D:10     | Killed Psyche
 11369 | D:10     | Reached skill level 5 in Invocations
 11393 | D:10     | Reached skill level 11 in Fighting
 11488 | D:10     | Reached *** piety under Beogh
 11560 | D:10     | Noticed an unseen horror
 11580 | D:10     | Killed an unseen horror
 11605 | D:10     | Noticed a green ugly thing
 11626 | D:10     | Killed a green ugly thing
 11959 | Orc:1    | Entered Level 1 of the Orcish Mines
 11995 | D:10     | Noticed Gastronok
 11995 | D:10     | Noticed an unseen horror
 12074 | D:10     | Noticed Grum
 12091 | D:10     | Killed Grum
 12091 | D:10     | Reached skill level 10 in Polearms
 12138 | D:10     | Killed an unseen horror
 12253 | D:10     | Killed Gastronok
 12253 | D:10     | Reached XP level 12. HP: 75/110 MP: 13/16
 12807 | D:11     | Got an ichor-stained robe
 13184 | D:11     | Reached **** piety under Beogh
 14250 | Lair:1   | Entered Level 1 of the Lair of Beasts
 14388 | Lair:1   | Found a dark tunnel.
 14406 | Volcano  | Entered a volcano
 14536 | Volcano  | Reached skill level 12 in Fighting
 14720 | Volcano  | Found a radiant altar of Vehumet.
 14806 | Volcano  | Noticed a red draconian
 14831 | Volcano  | Killed from afar by a red draconian

Illustrated notes

Levels and vault maps discovered:
D:1:      mainiacjoe_arrival_reflecting_pool, layout_rooms
D:2:      layout_basic, makhleb_heckhound_becter, overflow_temple_1_default,
          gammafunk_temple_overflow_statue
D:3:      layout_basic, minmay_crystal_room, uniq_terence, uniq_robin
D:4:      cheibrodos_old_hovel, layout_rooms
D:5:      layout_loops_corners, lemuel_doored_altar, old_standard_altar,
          gammafunk_ghost_arena, glass_columns_c, uniq_eustachio
D:6:      layout_basic, gammafunk_temple_overflow_claw,
          minmay_temple_entry_statues_fountains, chequers_ossuary_entry_cave,
          gammafunk_ghost_grave, uniq_duvessa, uniq_sigmund, uniq_edmund
D:7:      layout_basic, lemuel_round_altar,
          hangedman_abyss_or_decor_jellyfish_corner, palyth_stone_intersect
D:8:      layout_basic, lemuel_crystal_altar, uniq_erica
D:9:      hangedman_cross_cluster, layout_stronghold, david_lair_generic,
          basic_altar, uniq_maggie
D:10:     layout_roguey, st_stairs_3, uniq_psyche, uniq_gastronok, uniq_grum
D:11:     layout_gridville, kennysheep_big_empty_room
Temple:   minmay_freezing_vapour_temple
Lair:1:   layout_big_grid, nicolae_volcano_entry_batcave
Orc:1:    layout_caves, uniq_harold
Volcano:  volcano_lake [vl_original]

Skill      XL: |  1  2  3  4  5  6  7  8  9 10 11 12 |
---------------+-------------------------------------+-----
Fighting       | 4 5 6 7 9 10 11 12 | 12.2
Polearms       | 3 4 5 6 8 9 10 11 | 11.0
Shields        | 4 5 7 8 9 10 11 | 11.3
Armour         | 4 5 6 8 9 10 11 | 11.2
Invocations    | 2 6 7 |  7.2

Action                   |  1- 3 |  4- 6 |  7- 9 | 10-12 || total
-------------------------+-------+-------+-------+-------++-------
Melee: Trident           |   154 |   184 |   577 |   974 ||  1889
Invok: Convert to Beogh  |       |       |     1 |       ||     1
       Recall Orcish Fol |       |       |       |     2 ||     2
Evoke: Wand              |       |       |       |     2 ||     2
  Use: Potion            |       |     1 |     9 |     8 ||    18
       Scroll            |       |       |     3 |    13 ||    16
 Stab: Distracted        |       |       |       |     3 ||     3
Armor: Scale mail        |    55 |    67 |    67 |       ||   189
       Plate armour      |       |       |    71 |   319 ||   390
Dodge: Dodged            |    32 |    56 |   145 |   232 ||   465
Block: Kite shield       |    68 |    74 |   218 |   557 ||   917
       Reflection        |       |       |       |    19 ||    19

Table legend: (Time is in decaauts)
 A = Elapsed time spent in this place.
 B = Non-inter-level travel time spent in this place.
 C = Inter-level travel time spent in this place.
 D = Time resting spent in this place.
 E = Time spent auto-exploring this place.
 F = Levels seen in this place.
 G = Mean time per level.
                   A        B        C        D        E       F      G
               +--------+--------+--------+--------+--------+-----+--------+
         Total |  14819 |  13937 |    882 |    304 |  10208 |  16 |  926.2 |
       Dungeon |  13899 |  13018 |    881 |    225 |   9975 |  11 | 1263.5 |
        Temple |     15 |     15 |      0 |      0 |     10 |   1 |   15.0 |
          Lair |    143 |    143 |      0 |      0 |      0 |   1 |  143.0 |
  Orcish Mines |     20 |     20 |      0 |      0 |      0 |   1 |   20.0 |
       Ossuary |    336 |    336 |      0 |      0 |    117 |   1 |  336.0 |
       Volcano |    404 |    404 |      0 |     78 |    106 |   1 |  404.0 |
               +--------+--------+--------+--------+--------+-----+--------+

Top non-repeatable levels by time:
     D:9: 2511 daAuts
     D:8: 2020 daAuts
    D:10: 1776 daAuts
    D:11: 1354 daAuts
     D:2: 1183 daAuts
     D:6: 1124 daAuts
     D:5: 985 daAuts
     D:7: 802 daAuts
     D:4: 779 daAuts
     D:3: 719 daAuts
     D:1: 640 daAuts
 Volcano: 404 daAuts
 Ossuary: 336 daAuts
  Lair:1: 143 daAuts
   Orc:1: 20 daAuts
